 Dungeon Sprint DCSS version 0.30-a0-137-gd8773701ce (webtiles) character file.

Game seed: 16501258440520965207

830 mhtbhm the Geomancer (level 7, -1/38 HPs)
             Began as a Gargoyle Earth Elementalist on Sept 24, 2022.
             Was a Follower of Vehumet.
             Slain by a human (12 damage)
             ... in the Dungeon (Sprint III: "The Ten Rune Challenge").
             The game lasted 00:02:26 (803 turns).

mhtbhm the Geomancer (Gargoyle Earth Elementalist)   Turns: 803, Time: 00:02:27

Health: -1/38      AC:  8    Str: 11    XL:     7   Next: 97%
Magic:  0/20       EV: 13    Int: 18    God:    Vehumet [*.....]
Gold:   28         SH:  0    Dex: 10    Spells: 15/25 levels left

rFire   . . .      SeeInvis .    (no weapon)
rCold   . . .      Faith    .    (no shield)
rNeg    + . .      Spirit   .    a - +0 robe
rPois   ∞          Reflect  .    (no helmet)
rElec   +          Harm     .    (no cloak)
rCorr   .          Rampage  .    (no gloves)
Will    .....      NoTele   +    (no boots)
Stlth   +++.......               (no amulet)
HPRegen 0.12/turn                (no ring)
MPRegen 0.17/turn                (no ring)

@: no status effects
A: sickness immunity, AC +4, negative energy resistance 1, electricity
resistance, torment resistance 1, petrification resistance, iridescent scales 1,
MP-powered wands
a: Renounce Religion


You were in the Dungeon.
You worshipped Vehumet.
Vehumet was aware of your devotion.
You visited 1 branch You collected 28 gold pieces.

Inventory:

Armour
 a - a +0 robe (worn)
Scrolls
 g - a scroll of blinking
 h - 3 scrolls of identify
 j - a scroll of poison {unknown}
 l - a scroll of immolation {unknown}
 m - a scroll of torment {unknown}
Potions
 b - 3 potions of magic
 c - a potion of curing
 d - 2 potions of heal wounds
 e - a potion of haste
 f - a potion of berserk rage
 i - a potion of degeneration {unknown}
 k - a potion of ambrosia {unknown}
 n - a potion of flight {unknown}


   Skills:
 + Level 1.0 Fighting
 + Level 4.2 Dodging
 + Level 5.2 Stealth
 + Level 9.7 Spellcasting
 + Level 3.0 Conjurations
 + Level 1.2 Transmutations
 + Level 13.8 Earth Magic


You had 15 spell levels left.
You knew the following spells:

 Your Spells              Type           Power      Damage    Failure   Level
a - Sandblast             Erth           100%       2d20      1%          1
b - Passwall              Tmut/Erth      29%        N/A       1%          2
c - Stone Arrow           Conj/Erth      78%        3d11      1%          3
d - Petrify               Tmut/Erth      35%        N/A       3%          4

Your spell library contained the following spells:

 Spells                   Type           Power      Damage    Failure   Level
 Freeze                   Ice            32%        1d5       9%          1
 Poisonous Vapours        Pois/Air       16%        N/A       12%         2
 Borgnjor's Revivificati  Necr           4%         N/A       100%        8
 Necromutation            Tmut/Necr      5%         N/A       100%        8
 Death's Door             Necr           4%         N/A       100%        9
 Cigotuvi's Dreadful Rot  Necr/Pois/Air  Unusable   N/A       N/A         2

Dungeon Overview and Level Annotations

Branches:
Dungeon (1/1)

Altars:
Dithmenos
Elyvilon
Kikubaaqudgha
Okawaru
Ru
Sif Muna
Trog
Uskayaw
Vehumet
Wu Jian
Yredelemnul
Zin
The Shining One


Innate Abilities, Weirdness & Mutations

You are immune to sickness and miasma.
Your stone body is resilient. (AC +4)
You are immune to poison.
You resist negative energy. (rN+)
You are resistant to electric shocks. (rElec)
You are resistant to unholy torment.
You are immune to petrification.
You are partially covered in iridescent scales. (AC +2)
You expend magic power (3 MP) to strengthen your wands.


Message History

The blast of sand hits the human.
The human is almost dead.
The human hits you!
The human drinks a potion.
The human seems to grow stronger.
The human hits you. The human closely misses you.
Unknown command.
Casting: Sandblast (safe; 1% risk of failure)
Confirm with . or Enter, or press ? or * to list all spells.
Aiming: Sandblast (safe; 1% risk of failure)
Press: ? - help, Shift-Dir - straight line, f/p - human
Aim: a human (almost dead, berserk, 80% to hit)
The blast of sand hits the human!
You kill the human!
Vehumet accepts your kill. The human hits you but does no damage.
Your Fighting skill increases to level 1!
Your Conjurations skill increases to level 3!
Unknown command.
Unknown command.
Casting: Sandblast (safe; 1% risk of failure)
Confirm with . or Enter, or press ? or * to list all spells.
You don't have enough magic to cast this spell.
Unknown command.
Casting: Sandblast (safe; 1% risk of failure)
Confirm with . or Enter, or press ? or * to list all spells.
Okay, then.
Unknown command.
You aren't carrying any items that you can evoke.
Unknown command.
The human attacks as you move away! The human barely misses you.
The human attacks as you move away! The human closely misses you.
The human attacks as you move away! The human hits you!
* * * LOW HITPOINT WARNING * * *
Casting: Sandblast (safe; 1% risk of failure)
Confirm with . or Enter, or press ? or * to list all spells.
Aiming: Sandblast (safe; 1% risk of failure)
Press: ? - help, Shift-Dir - straight line, f - human
Aim: a human (almost dead, strong, 80% to hit)
The blast of sand misses the human.
The human hits you!
You die...

▓▓▓▓▓▓▓▓▓▓ ▓▓▓ #..'.....♣
♣.############ #..#.....♣♣
♣.#___#___#__# ####......♣
♣.#...#__)#._#
...#....~.♣♣♣♣.###)#'###†##
...#...~~♣...♣.#@p........#
...#†.~~~~.♣...'.⌠........#
##)#..~≈≈~~~...#...######+#
...#.~~≈~~~....#.⌠.#
†..#.~≈~~~.....#...#
...#.~~~.......#)###
####...........#.).#
...............#___#
▓▓▓▓▓▓▓▓▓▓▓▓▓▓▓▓▓▓▓▓


You could see a human (strong).

Vanquished Creatures
  A deep elf pyromancer (D)
  A water elemental (D)
  A necrophage (D)
  A scorpion (D)
  Jessica (D)
  A wizard (D)
  A necromancer (D)
  A kobold demonologist (D)
  2 humans (D)
  An endoplasm (D)
  2 rats (D)
13 creatures vanquished.

Notes
Turn   | Place    | Note
-------+----------+-------------------------------------------
     0 | D        | mhtbhm the Gargoyle Earth Elementalist began the quest for
                  | the Orb.
     0 | D        | Reached XP level 1. HP: 10/10 MP: 3/3
     3 | D        | Reached skill level 4 in Earth Magic
    33 | D        | Noticed Jessica
    36 | D        | Killed Jessica
    37 | D        | Reached skill level 6 in Earth Magic
    37 | D        | Reached XP level 2. HP: 7/15 MP: 0/6
    37 | D        | Reached XP level 3. HP: 9/19 MP: 0/7
   207 | D        | Learned a level 2 spell: Passwall
   211 | D        | Learned a level 3 spell: Stone Arrow
   222 | D        | Reached skill level 7 in Earth Magic
   338 | D        | Noticed a scorpion
   344 | D        | Killed a scorpion
   345 | D        | Reached skill level 1 in Transmutations
   345 | D        | Reached skill level 8 in Earth Magic
   345 | D        | Reached XP level 4. HP: 18/24 MP: 2/10
   367 | D        | Gained mutation: You are weak. (Str -2) [potion of
                  | mutation]
   367 | D        | Gained mutation: You passively map a small area around you.
                  | [potion of mutation]
   367 | D        | Gained mutation: You expend magic power (3 MP) to
                  | strengthen your wands. [potion of mutation]
   367 | D        | Gained mutation: You have large cloven feet. [potion of
                  | mutation]
   406 | D        | Lost mutation: You passively map a small area around you.
                  | [potion of mutation]
   406 | D        | Lost mutation: You expend magic power (3 MP) to strengthen
                  | your wands. [potion of mutation]
   406 | D        | Gained mutation: Your body sometimes deteriorates upon
                  | taking damage. [potion of mutation]
   406 | D        | Gained mutation: You are agile. (Dex +4, Str/Int -1)
                  | [potion of mutation]
   406 | D        | Gained mutation: You are very agile. (Dex +8, Str/Int -2)
                  | [potion of mutation]
   407 | D        | Lost mutation: You are very agile. (Dex +8, Str/Int -2)
                  | [potion of mutation]
   407 | D        | Lost mutation: You have large cloven feet. [potion of
                  | mutation]
   407 | D        | Lost mutation: You are weak. (Str -2) [potion of mutation]
   407 | D        | Gained mutation: Your flesh is heat resistant. (rF+)
                  | [potion of mutation]
   407 | D        | Gained mutation: You passively map a small area around you.
                  | [potion of mutation]
   408 | D        | Lost mutation: You passively map a small area around you.
                  | [potion of mutation]
   408 | D        | Lost mutation: Your flesh is heat resistant. (rF+) [potion
                  | of mutation]
   408 | D        | Lost mutation: You are agile. (Dex +4, Str/Int -1) [potion
                  | of mutation]
   408 | D        | Gained mutation: You are robust. (+10% HP) [potion of
                  | mutation]
   409 | D        | Lost mutation: Your body sometimes deteriorates upon taking
                  | damage. [potion of mutation]
   409 | D        | Lost mutation: You are robust. (+10% HP) [potion of
                  | mutation]
   409 | D        | Gained mutation: You expend magic power (3 MP) to
                  | strengthen your wands. [potion of mutation]
   409 | D        | Gained mutation: You are partially covered in iridescent
                  | scales. (AC +2) [potion of mutation]
   428 | D        | Learned a level 4 spell: Petrify
   433 | D        | Noticed a water elemental
   436 | D        | Killed a water elemental
   437 | D        | Reached skill level 5 in Spellcasting
   437 | D        | Reached skill level 9 in Earth Magic
   437 | D        | Reached XP level 5. HP: 19/28 MP: 1/13
   531 | D        | Found a radiant altar of Vehumet.
   531 | D        | Found a shimmering blue altar of Sif Muna.
   531 | D        | Found an ancient bone altar of Kikubaaqudgha.
   533 | D        | Reached skill level 10 in Earth Magic
   536 | D        | Noticed a rust devil
   537 | D        | Reached skill level 1 in Conjurations
   547 | D        | Became a worshipper of Vehumet
   620 | D        | Found a basalt altar of Yredelemnul.
   620 | D        | Found a shadowy altar of Dithmenos.
   620 | D        | Found a sacrificial altar of Ru.
   622 | D        | Reached XP level 6. HP: 32/32 MP: 11/15
   623 | D        | Reached skill level 11 in Earth Magic
   661 | D        | Found a glowing silver altar of Zin.
   661 | D        | Found a glowing golden altar of the Shining One.
   661 | D        | Found a white marble altar of Elyvilon.
   661 | D        | Noticed a deep elf pyromancer
   686 | D        | Killed a deep elf pyromancer
   686 | D        | Reached * piety under Vehumet
   686 | D        | Offered knowledge of Freeze by Vehumet.
   687 | D        | Reached skill level 5 in Stealth
   687 | D        | Reached skill level 13 in Earth Magic
   687 | D        | Reached XP level 7. HP: 37/37 MP: 12/19
   791 | D        | Found a hide-covered altar of Uskayaw.
   791 | D        | Found an iron altar of Okawaru.
   791 | D        | Found a bloodstained altar of Trog.
   791 | D        | Found an ornate altar of the Wu Jian Council.
   791 | D        | Noticed a human
   791 | D        | Noticed a human
   799 | D        | Killed a human
   800 | D        | Reached skill level 1 in Fighting
   803 | D        | Slain by a human

Illustrated notes

Levels and vault maps discovered:
D:        dungeon_sprint_mu [sprint_mu_entry_forest, sprint_mu_temple_rooms,
          sprint_mu_d1_spiders, sprint_mu_d2_genie, sprint_mu_d3_branching,
          sprint_mu_orc_legion, sprint_mu_elf_gauntlet, sprint_mu_hive_nellie,
          sprint_mu_lair_fedhas, sprint_mu_vaults_butterflies,
          sprint_mu_slime_circle, sprint_mu_swamp_cave, sprint_mu_shoals_kraken,
          sprint_mu_blade_basic, sprint_mu_crypt_fortress,
          sprint_mu_tomb_spiral, sprint_mu_vestibule_basic,
          sprint_mu_gehenna_hellfire, sprint_mu_dis_giant,
          sprint_mu_tartarus_statrot, sprint_mu_cocytus_islands, sprint_mu_zot1]

Skill      XL: |  1  2  3  4  5  6  7 |
---------------+----------------------+-----
Earth Magic    | 6 8 9 10 13 | 13.8
Dodging        | 2 3 4 |  4.2
Spellcasting   | 3 4 5 6 9 |  9.7
Stealth        | 3 4 5 |  5.2
Transmutations | 1 |  1.2
Conjurations   | 1 2 3 |  3.0
Fighting       | 1 |  1.0

Action                   |  1- 3 |  4- 6 |  7- 9 || total
-------------------------+-------+-------+-------++-------
 Cast: Sandblast         |    15 |     6 |     3 ||    24
       Stone Arrow       |     1 |     6 |     6 ||    13
  Use: Potion            |       |     5 |       ||     5
Armor: Robe              |     3 |       |     3 ||     6
Dodge: Dodged            |    10 |     1 |     6 ||    17

Table legend: (Time is in decaauts)
 A = Elapsed time spent in this place.
 B = Non-inter-level travel time spent in this place.
 C = Inter-level travel time spent in this place.
 D = Time resting spent in this place.
 E = Time spent auto-exploring this place.
 F = Levels seen in this place.
 G = Mean time per level.
                   A        B        C        D        E       F      G
               +--------+--------+--------+--------+--------+-----+--------+
         Total |    817 |    817 |      0 |    580 |      1 |   1 |  817.0 |
       Dungeon |    817 |    817 |      0 |    580 |      1 |   1 |  817.0 |
               +--------+--------+--------+--------+--------+-----+--------+

Top non-repeatable levels by time:
       D: 817 daAuts
